AoeStats
← ikbendom

Arabia

509580077Analyzed
1v1 RM · 5d ago on Sep 27, 2026· 37m 12s· 2 players
Game mode
Random Map
Map size
Tiny (2 player)
Population
200
Speed
Normal
Resources
Standard
Victory
Conquest
Starting age
Dark Age
Ending age
Imperial Age
RankedLock teamsTeams togetherTeam positionsShared explorationLock speedFull tech treeHidden civsTurbo modeCheats
Victory
Defeat
🇳🇱 Gurjaras · Netherlands
870
+35
🇹🇷 Mongols · Türkiye
837
-14
DarkCloud
9:59 Feudal Age
10:27 Double-Bit Axe
10:23 Horse Collar
10:59 Loom
14:29 Wheelbarrow
17:07 Bloodlines
23:13 Castle Age
22:00 Forging
21:41 Fletching
27:18 Bow Saw
28:14 Husbandry
28:39 Gold Mining
29:42 Iron Casting
29:03 Bodkin Arrow
36:59 Thumb Ring
ikbendom
11:03 Feudal Age
9:22 Loom
11:38 Double-Bit Axe
12:37 Wheelbarrow
12:41 Horse Collar
14:34 Gold Mining
20:03 Castle Age
19:31 Forging
19:27 Scale Barding Armor
19:49 Stone Mining
22:42 Hand Cart
31:58 Fletching
Connection lost

Rejoining the realm…

Still unreachable

The connection could not be restored.

Session expired

The server has moved on; the page needs a fresh start.